 Dungeon Crawl Stone Soup version 0.29-a0-613-gf2c431b9b9 (webtiles) character file.

Game seed: 4263856755132126879

2 ytrimaz the Insei (level 1, 0/13 HPs)
             Began as an Octopode Transmuter on June 17, 2022.
             Constricted to death by a ball python (1 damage)
             ... on level 1 of the Dungeon.
             The game lasted 00:00:27 (37 turns).

ytrimaz the Insei (Octopode Transmuter)               Turns: 37, Time: 00:00:28

Health: 0/13       AC:  1    Str:  9    XL:     1   Next: 40%
Magic:  2/3        EV: 10    Int: 15    God:
Gold:   14         SH:  0    Dex: 12    Spells: 3/4 levels left

rFire   . . .      SeeInvis .     - Unarmed
rCold   . . .      Faith    .   (no shield)
rNeg    . . .      Spirit   .   (helmet restricted)
rPois   .          Reflect  .   (no amulet)
rElec   .          Harm     .   (no ring)
rCorr   .          Rampage  .   (no ring)
Will    .....                   (no ring)
Stlth   ++........              (no ring)
HPRegen 0.04/turn               (no ring)
MPRegen 0.08/turn               (no ring)
                                (no ring)
                                (no ring)

@: constricted
A: almost no armour, amphibious, 8 rings, camouflage 1, gelatinous body 1,
(nimble swimmer 1), tentacles
a: no special abilities


You were on level 1 of the Dungeon.
You visited 1 branch of the dungeon, and saw 1 of its levels.

You collected 14 gold pieces.

Inventory:

Potions
 a - a potion of lignification
 b - a potion of degeneration {unknown}
 c - a potion of flight {unknown}


   Skills:
 - Level 1.0 Fighting
 - Level 2.0 Dodging
 * Level 3.2 Unarmed Combat
 - Level 2.0 Spellcasting
 - Level 2.0 Transmutations


You had 3 spell levels left.
You knew the following spells:

 Your Spells              Type           Power      Damage    Failure   Level
a - Beastly Appendage     Tmut           14%        N/A       10%         1

Your spell library contained the following spells:

 Spells                   Type           Power      Damage    Failure   Level
 Wereblood                Tmut           7%         N/A       14%         2
 Spider Form              Tmut/Pois      4%         N/A       41%         3
 Ice Form                 Ice/Tmut       4%         N/A       82%         4


Dungeon Overview and Level Annotations

Branches:
Dungeon (1/15)

Altars:


Innate Abilities, Weirdness & Mutations

You cannot wear most types of armour.
You are amphibious.
You can wear up to eight rings at the same time.
Your skin changes colour to match your surroundings (Stealth+).
Your rubbery body absorbs attacks. (AC +1, EV +1)
((You are camouflaged when in or above water. (Stealth+)))
You have tentacles for arms and can constrict up to eight enemies at once.


Message History

You see here a glowing brown potion.
An endoplasm is nearby!
An endoplasm is nearby!
Found a club.
You see here a glowing brown potion.
b - a glowing brown potion A ball python comes into view.
The ball python hisses angrily.
A hobgoblin comes into view.
You see here a golden potion.
c - a golden potion The endoplasm quivers.
A rat comes into view.
A dart slug comes into view.
The ball python bites you. The ball python grabs you.
The ball python constricts you.
One of your tentacles grows a vicious spike.
The hobgoblin shouts!
The endoplasm hits you. The ball python barely misses you.
The ball python constricts you.
You escape the ball python's grasp.
The endoplasm attacks as you move away! The endoplasm hits you.
The endoplasm attacks as you move away! The endoplasm hits you.
The endoplasm attacks as you move away! The endoplasm hits you.
* * * LOW HITPOINT WARNING * * *
The endoplasm attacks as you move away! The endoplasm closely misses you.
You see here a ball python corpse.
You barely miss the endoplasm.
You pierce the endoplasm, but do no damage.
The endoplasm hits you.
* * * LOW HITPOINT WARNING * * *
You barely miss the endoplasm. You squeeze the endoplasm.
You kill the endoplasm!
The ball python barely misses you. The ball python misses you.
You tentacle-slap the ball python but do no damage.
Your grab misses the ball python. Your squeeze misses the ball python.
Your tentacle spike disappears.
The ball python barely misses you. The ball python grabs you.
The ball python constricts you.
You die...

###########
#.........#
........<.#
##........#
#.....$..#
#...#.....# ...
##....# # ..
##.### ##. . #@#
#.). ### #S# #
##...>#.####r#.#
#.......r...g..#
........g....#.#
...............#
##.####.########
.. #.# . #.#


You could see a hobgoblin, a ball python and a rat.

Vanquished Creatures
  A ball python (D:1)
  An endoplasm (D:1)
2 creatures vanquished.

Notes
Turn   | Place    | Note
-------+----------+-------------------------------------------
     0 | D:1      | ytrimaz the Octopode Transmuter began the quest for the
                  | Orb.
     0 | D:1      | Reached XP level 1. HP: 13/13 MP: 3/3
    37 | D:1      | Constricted to death by a ball python

Illustrated notes

Levels and vault maps discovered:
D:1:      elethiomel_arrival_shortcut, layout_loops_ring

Action                   || total
-------------------------++-------
Melee: Unarmed           ||     4
       Kick              ||     1
       Tentacles         ||     1
 Cast: Beastly Appendage ||     2
Dodge: Dodged            ||     7

Table legend: (Time is in decaauts)
 A = Elapsed time spent in this place.
 B = Non-inter-level travel time spent in this place.
 C = Inter-level travel time spent in this place.
 D = Time resting spent in this place.
 E = Time spent auto-exploring this place.
 F = Levels seen in this place.
 G = Mean time per level.
                   A        B        C        D        E       F      G
               +--------+--------+--------+--------+--------+-----+--------+
         Total |     36 |     36 |      0 |      0 |      7 |   1 |   36.0 |
       Dungeon |     36 |     36 |      0 |      0 |      7 |   1 |   36.0 |
               +--------+--------+--------+--------+--------+-----+--------+

Top non-repeatable levels by time:
     D:1: 36 daAuts
